 Dungeon Crawl Stone Soup version 0.26.0-11-g8f856b5395 (webtiles) character file.

Game seed: 5554563126041512767

163 EnegeticOcto the Skirmisher (level 5, -4/48 HPs)
             Began as a Minotaur Conjurer on Jan 15, 2021.
             Killed by nerve-wracking pain
             ... invoked by an orc priest
              (10 damage)
             ... on level 4 of the Dungeon.
             The game lasted 00:02:42 (3204 turns).

EnegeticOcto the Skirmisher (Minotaur Conjurer)     Turns: 3204, Time: 00:02:42

Health: -4/48      AC:  8    Str: 12    XL:     5   Next: 20%
Magic:  6/6        EV:  5    Int: 15    God:
Gold:   165        SH:  5    Dex:  9    Spells: 5/6 levels left

rFire    . . .     SeeInvis .   r - +3 short sword (drain)
rCold    . . .     Faith    .   (no shield)
rNeg     . . .     Spirit   .   t - +0 chain mail
rPois    .         Reflect  +   j - +0 hat
rElec    .         Harm     .   (no cloak)
rCorr    .         Rampage  .   (no gloves)
Will     .....                  (no boots)
Stlth    ..........             p - amulet of reflection
HPRegen  0.16/turn              (no ring)
MPRegen  0.10/turn              (no ring)

@: slowed, very slow
A: retaliatory headbutt, horns 2
a: no special abilities


You were on level 4 of the Dungeon.
You visited 1 branch of the dungeon, and saw 4 of its levels.

You collected 165 gold pieces.

Inventory:

Hand Weapons
 i - a +2 dagger of speed
   (You took it off a kobold on level 1 of the Dungeon)
 r - a +3 short sword of draining (weapon)
   (You took it off a kobold on level 2 of the Dungeon)
Missiles
 m - 15 poisoned darts
Armour
 j - a +0 hat (worn)
   (You found it on level 1 of the Dungeon)
 t - a +0 chain mail (worn)
   (You found it on level 2 of the Dungeon)
 u - a +0 plate armour
   (You found it on level 3 of the Dungeon)
Jewellery
 p - an amulet of reflection (around neck)
   (You found it on level 2 of the Dungeon)
Scrolls
 b - 4 scrolls of remove curse {@r2}
 e - a scroll of fear {unknown}
 f - a scroll of immolation
 h - a scroll of magic mapping {unknown}
 k - a scroll of enchant armour {unknown}
 n - 2 scrolls of amnesia {unknown}
Potions
 a - a potion of lignification {unknown}
 c - 2 potions of ambrosia
 d - 2 potions of curing {@q1 !q}
 g - a potion of heal wounds {unknown}
 l - a potion of flight {unknown}
 q - a potion of cancellation
 s - a potion of brilliance {unknown}


   Skills:
 + Level 5.0 Fighting
 + Level 2.7 Short Blades
 - Level 2.1 Dodging
 - Level 1.5 Stealth
 - Level 1.3 Spellcasting
 - Level 2.9 Conjurations


You had 5 spell levels left.
You knew the following spells:

 Your Spells              Type           Power        Failure   Level
a - Magic Dart            Conj           36%          98%         1

Your spell library contained the following spells:

 Spells                   Type           Power        Failure   Level
 Searing Ray              Conj           18%          99%         2
 Blink                    Tloc           N/A          100%        2
 Call Imp                 Summ           1%           100%        2
 Slow                     Hex            1%           100%        2
 Conjure Flame            Conj/Fire      5%           100%        3
 Dazzling Flash           Conj/Hex       10%          100%        3
 Mephitic Cloud           Conj/Pois/Air  4%           100%        3
 Fulminant Prism          Conj/Hex       2%           100%        4
 Iskenderun's Mystic Bla  Conj/Tloc      5%           100%        4


Dungeon Overview and Level Annotations

Branches:
Dungeon (4/15)
 Temple: D:4-7

Altars:
Makhleb


Innate Abilities, Weirdness & Mutations

You reflexively headbutt those who attack you in melee.
You have a pair of horns on your head.


Message History

(D) Dungeon
Where to? (Enter - D:3, ? - help)
You see here a +0 dagger.
There is an open door here.
There is a stone staircase leading down here.
You climb downwards.
An adder comes into view.
The adder hisses angrily.
Found a whip, a murky pink potion, 30 arrows and 15 gold pieces.
Found a burning altar of Makhleb.
There is a stone staircase leading up here.
An orc wizard comes into view. It is wielding a +0 dagger.
The orc wizard shouts!
Found 15 gold pieces and a rapier.
An orc and an orc priest come into view.
The orc wizard casts a spell at you.
You feel yourself slow down.
You puncture the adder! Your headbutt misses the adder.
The adder is severely wounded.
The adder bites you but does no damage. The adder barely misses you.
You furiously retaliate!
You headbutt the adder!
You kill the adder!
Your Fighting skill increases to level 5!
The orc priest invokes the aid of Beogh against you.
Beogh smites you!
You barely miss the orc wizard.
The orc wizard casts a spell.
The orc wizard blinks!
You barely miss the orc. The orc barely misses you. You block the orc's attack.
The orc priest hits you but does no damage.
You hit the orc priest.
The orc priest is lightly wounded.
The orc priest hits you but does no damage.
You hit the orc priest. You drain the orc priest.
Your headbutt misses the orc priest.
The orc priest is heavily wounded.
The orc priest barely misses you.
The orc wizard hits you but does no damage.
The orc priest completely misses you.
You hit the orc priest but do no damage.
The orc priest is moderately wounded.
The orc wizard hits you but does no damage.
The orc priest hits you.
You closely miss the orc priest.
The orc priest is moderately wounded.
The orc barely misses you. You block the orc priest's attack.
The orc wizard gestures wildly while chanting.
The orc wizard blinks!
The orc barely misses you.
The orc priest mumbles some strange prayers to Beogh against you.
You barely resist. You hit the orc priest.
The orc priest is severely wounded.
You block the orc's attack.
The orc wizard hits you but does no damage.
The orc priest calls down the wrath of Beogh upon you.
Pain shoots through your body!
You hit the orc priest. You drain the orc priest.
The orc priest is severely wounded.
The orc hits you but does no damage.
The orc wizard gestures wildly while chanting.
The orc wizard seems to speed up.
The orc priest hits you but does no damage.
The orc closely misses you.
The orc wizard hits you but does no damage.
The orc priest hits you but does no damage.
You barely miss the orc priest.
The orc priest is severely wounded.
You block the orc wizard's attack. The orc hits you with a +0 whip.
The orc priest calls down the wrath of Beogh upon you.
Beogh smites you!
The orc wizard hits you but does no damage.
You hit the orc priest but do no damage.
Your headbutt misses the orc priest.
The orc priest is severely wounded.
You block the orc wizard's attack. You block the orc's attack.
The orc priest calls down the wrath of Beogh upon you.
Pain shoots through your body!
The orc wizard hits you but does no damage.
The orc hits you with a +0 whip.
The orc priest hits you but does no damage.
You hit the orc priest but do no damage.
The orc priest is severely wounded.
The orc wizard hits you with a +0 dagger.
* * * LOW HITPOINT WARNING * * *
The orc wizard points at you and mumbles some strange words.
You feel as though you will be slow longer.
The orc hits you but does no damage.
The orc priest invokes the aid of Beogh against you.
Beogh smites you!
* * * LOW HITPOINT WARNING * * *
Really quaff
d - 3 potions of curing {@q1 !q}?
You feel better.
The orc wizard hits you with a +0 dagger.
* * * LOW HITPOINT WARNING * * *
The orc hits you with a +0 whip.
* * * LOW HITPOINT WARNING * * *
You block the orc wizard's attack.
The orc priest mumbles some strange prayers to Beogh against you.
Pain shoots through your body!
You die...

.. .. ...####....
..#..#$...
.......... .##
###......_..
....##.<.........
........#........
.....!...........
....(....@.#...#
.......#ooo# ...
..#....#..... . .
#....#.......
...............#
).....##$...#...
.... . .........
. ..##.###.


You could see an orc priest (drained), an orc wizard (fast) and an orc.

Vanquished Creatures
  Jessica (D:3)
  Natasha (twice) (D:3)
  2 adders
  2 worms
  A dart slug (D:1)
  3 leopard geckos
  4 orcs (D:3)
  A ball python (D:3)
  7 bats
  A giant cockroach (D:1)
  6 goblins
  5 hobgoblins
  4 jackals (D:3)
  A quokka (D:2)
  6 frilled lizards
  6 kobolds
  3 rats
55 creatures vanquished.

Vanquished Creatures (others)
  3 fungi (D:4)
3 creatures vanquished.

Grand Total: 58 creatures vanquished

Notes
Turn   | Place    | Note
-------+----------+-------------------------------------------
     0 | D:1      | EnegeticOcto the Minotaur Conjurer began the quest for the
                  | Orb.
     0 | D:1      | Reached XP level 1. HP: 14/14 MP: 1/1
   170 | D:1      | Reached skill level 1 in Fighting
   608 | D:1      | Reached skill level 2 in Fighting
   622 | D:1      | You fall into a shaft and drop 1 floor!
   637 | D:2      | Reached XP level 2. HP: 23/24 MP: 0/3
  1172 | D:1      | You fall into a shaft and drop 1 floor!
  1235 | D:1      | Reached skill level 3 in Fighting
  1637 | D:2      | Reached XP level 3. HP: 28/31 MP: 4/4
  2485 | D:3      | Reached skill level 4 in Fighting
  2511 | D:3      | Noticed Jessica
  2516 | D:3      | Killed Jessica
  2517 | D:3      | Reached skill level 1 in Short Blades
  2517 | D:3      | Reached XP level 4. HP: 37/40 MP: 5/5
  2800 | D:3      | Noticed Natasha
  2808 | D:3      | Killed Natasha
  2809 | D:3      | Reached skill level 2 in Short Blades
  3060 | D:3      | Noticed Natasha
  3063 | D:3      | Killed Natasha
  3064 | D:3      | Reached XP level 5. HP: 43/47 MP: 6/6
  3188 | D:4      | Found a burning altar of Makhleb.
  3192 | D:4      | Reached skill level 5 in Fighting
  3203 | D:4      | HP: 2/48 [orc priest/divine providence (12)]
  3204 | D:4      | Killed from afar by an orc priest

Illustrated notes

Levels and vault maps discovered:
D:1:      dpeg_cavernosity, layout_basic, minmay_crystal_room,
          grunt_decor_resistance, minmay_quantized
D:2:      minmay_general_purpose_star, layout_loops_corners,
          serial_bayou_pond_c, chequers_serial_rivers_room_a
D:3:      layout_basic, uniq_jessica, uniq_natasha
D:4:      layout_cave_pools, bloody_makhleb, minmay_gold_behind_fungi

Skill      XL: |  1  2  3  4  5 |
---------------+----------------+-----
Fighting       | 2 3 4 5 |  5.0
Short Blades   | 1 2 |  2.7
Dodging        | |  2.1
Stealth        | |  1.5
Spellcasting   | |  1.3
Conjurations   | |  2.9

Action                   |  1- 3 |  4- 6 || total
-------------------------+-------+-------++-------
Melee: Unarmed           |    21 |       ||    21
       Dagger            |    56 |       ||    56
       Headbutt          |    12 |     4 ||    16
       Short sword       |    24 |    52 ||    76
 Cast: Magic Dart        |     6 |       ||     6
  Use: Scroll            |       |     7 ||     7
       Potion            |       |     1 ||     1
 Stab: Sleeping          |     2 |       ||     2
Armor: Robe              |     8 |       ||     8
       Chain mail        |    10 |    33 ||    43
Dodge: Dodged            |    39 |    15 ||    54
Block: Other             |     2 |    14 ||    16
